 Dungeon Sprint DCSS version 0.16-a0-3841-g2612308 (console) character file.

11 Monkaria the Skirmisher (level 2, -5/28 HPs)
             Began as a Hill Orc Fighter on Jan 30, 2015.
             Slain by a troll (6 damage)
             ... in the Dungeon (Sprint IX: "|||||||||||||||||||||||||||||").
             The game lasted 00:00:24 (153 turns).

Monkaria the Skirmisher (Hill Orc Fighter)           Turns: 153, Time: 00:00:24

Health: -5/28      AC:  6    Str: 18    XL:     2   Next: 29%
Magic:  2/2        EV:  7    Int:  8    God:
Gold:   0          SH:  9    Dex: 10    Spells: 0 memorised, 1 level left

rFire  . . .     SeeInvis .     a - +0 long sword
rCold  . . .     Clarity  .     b - +0 scale mail
rNeg   . . .     SustAb   .     c - +0 shield
rPois  .         Gourm    .     (no helmet)
rElec  .         Spirit   .     (no cloak)
rCorr  .         Warding  .     (no gloves)
rMut   .         NoTele   +     (no boots)
MR     .....                    (no amulet)
Stlth  ..........               (no ring)
                                (no ring)

@: not resistant to hostile enchantments, extremely unstealthy
A: no striking features
a: no special abilities


You were in the Dungeon.
You were not hungry.

You visited 1 branch

Inventory:

Hand weapons
 a - a +0 long sword (weapon)
Armour
 b - a +0 scale mail (worn)
 c - a +0 shield (worn)
Jewellery
 p - a +2 ring of protection
 q - a +2 ring of evasion
Magical devices
 o - a wand of cold (7)
Scrolls
 k - 2 scrolls of blinking
 m - 3 scrolls of remove curse
 n - 2 scrolls of amnesia
Potions
 e - a potion of might
 f - 5 potions of curing
 g - 3 potions of heal wounds
 h - a potion of haste
 i - 4 potions of magic
 j - a potion of berserk rage
 l - a potion of invisibility
Comestibles
 d - a meat ration


   Skills:
 + Level 4.7 Fighting
 * Level 4.5 Long Blades
 - Level 3.2 Armour
 - Level 3.2 Shields


You had one spell level left.
You didn't know any spells.

Dungeon Overview and Level Annotations

Branches:
Dungeon (1/1)

Altars:
Cheibriados
Dithmenos
Elyvilon
Fedhas
Gozag
Kikubaaqudgha
Makhleb
Nemelex Xobeh
Okawaru
Qazlal
Ru
Sif Muna
Trog
Vehumet
Xom
Yredelemnul
Zin
The Shining One
Beogh
Jiyva
Lugonu


Message History

p - a +2 ring of protection
q - a +2 ring of evasion You open the door. 2 bats, a sky beast, a kobold, an ogre and a troll come into view.
The kobold shouts!
The ogre shouts!
You hit the troll.
The troll is lightly wounded.
The troll bites you! The troll claws you. The troll barely misses you.
You barely miss the troll.
The troll is lightly wounded.
The troll bites you! The troll claws you. The troll completely misses you.
You block the troll's attack. x2
The troll claws you.
* * * LOW HITPOINT WARNING * * *
Your shield prevents you from hitting the troll.
You block the troll's attack. x2
The troll claws you.
* * * LOW HITPOINT WARNING * * *
You closely miss the troll. The troll bites you.
You die...

▓.▓
▓.▓
▓|▓
▓)▓
▓[▓
▓[▓
▓[▓
▓.▓
▓@▓
▓T▓
▓b▓
▓b▓
▓K▓
▓O▓
▓Y▓
▓.▓
▓+▓


You could see a troll, a sky beast, an ogre, 2 bats and a kobold.

Vanquished Creatures
  An adder zombie (D)
  A goblin (D)
  A hobgoblin (D)
  4 bats (D)
  A jackal (D)
  A kobold (D)
  A rat (D)
10 creatures vanquished.

Notes
Turn   | Place    | Note
--------------------------------------------------------------
     0 | D        | Monkaria, the Hill Orc Fighter, began the quest for the Orb.
     0 | D        | Reached XP level 1. HP: 19/19 MP: 1/1
    14 | D        | Reached skill level 4 in Fighting
    89 | D        | Reached XP level 2. HP: 25/28 MP: 2/2
   110 | D        | Found a glowing silver altar of Zin.
   110 | D        | Found a glowing golden altar of the Shining One.
   110 | D        | Found an ancient bone altar of Kikubaaqudgha.
   110 | D        | Found a basalt altar of Yredelemnul.
   110 | D        | Found a shimmering altar of Xom.
   110 | D        | Found a radiant altar of Vehumet.
   110 | D        | Found an iron altar of Okawaru.
   111 | D        | Found a burning altar of Makhleb.
   112 | D        | Found a deep blue altar of Sif Muna.
   113 | D        | Found a bloodstained altar of Trog.
   114 | D        | Found a sparkling altar of Nemelex Xobeh.
   115 | D        | Found a white marble altar of Elyvilon.
   116 | D        | Found a roughly hewn altar of Beogh.
   117 | D        | Found a viscous altar of Jiyva.
   118 | D        | Found a corrupted altar of Lugonu.
   119 | D        | Found a blossoming altar of Fedhas.
   120 | D        | Found a snail-covered altar of Cheibriados.
   121 | D        | Found a shadowy altar of Dithmenos.
   122 | D        | Found a stormy altar of Qazlal.
   123 | D        | Found an opulent altar of Gozag.
   124 | D        | Found a sacrificial altar of Ru.
   149 | D        | Noticed a troll
   149 | D        | Noticed an ogre
   149 | D        | Noticed a sky beast
   152 | D        | HP: 1/28 [troll (2)]
   153 | D        | Slain by a troll

Action                   || total
-------------------------++-------
Melee: Long sword        ||    50
